 Dungeon Crawl Stone Soup version 0.29.1-1-gd02db6906a (webtiles) character file.

Game seed: 16770398459624905628

2 lmSkywalker the Caller (level 1, 0/10 HPs)
             Began as a Tengu Summoner on Sept 17, 2022.
             Slain by a kobold
             ... wielding a +0 short sword
              (3 damage)
             ... on level 1 of the Dungeon.
             The game lasted 00:01:19 (334 turns).

lmSkywalker the Caller (Tengu Summoner)              Turns: 334, Time: 00:01:20

Health: 0/10       AC:  2    Str:  8    XL:     1   Next: 40%
Magic:  2/4        EV: 12    Int: 15    God:
Gold:   30         SH:  0    Dex: 14    Spells: 3/4 levels left

rFire   . . .      SeeInvis .   d - +0 dagger
rCold   . . .      Faith    .   (no shield)
rNeg    . . .      Spirit   .   a - +0 robe
rPois   .          Reflect  .   (helmet restricted)
rElec   .          Harm     .   (no cloak)
rCorr   .          Rampage  .   (no gloves)
Will    .....                   (boots unavailable)
Stlth   ++........              (no amulet)
HPRegen 0.03/turn               (no ring)
MPRegen 0.09/turn               (no ring)

@: no status effects
A: beak, talons 3
a: no special abilities


You were on level 1 of the Dungeon.
You visited 1 branch of the dungeon, and saw 1 of its levels.

You collected 30 gold pieces.

Inventory:

Hand Weapons
 d - a +0 dagger (weapon)
Armour
 a - a +0 robe (worn)
Scrolls
 e - a scroll of teleportation {unknown}
 f - a scroll of noise {unknown}
Potions
 b - a potion of magic
 c - a potion of might {unknown}


   Skills:
 - Level 2.1 Dodging
 - Level 2.0 Stealth
 + Level 2.1 Spellcasting
 + Level 4.9 Summonings


You had 3 spell levels left.
You knew the following spells:

 Your Spells              Type           Power      Damage    Failure   Level
a - Summon Small Mammal   Summ           64%        N/A       3%          1

Your spell library contained the following spells:

 Spells                   Type           Power      Damage    Failure   Level
 Call Imp                 Summ           16%        N/A       4%          2
 Call Canine Familiar     Summ           16%        N/A       9%          3
 Summon Guardian Golem    Hex/Summ       8%         N/A       24%         3
 Summon Lightning Spire   Summ/Air       8%         N/A       63%         4


Dungeon Overview and Level Annotations

Branches:
Dungeon (1/15)

Altars:


Innate Abilities, Weirdness & Mutations

You have a beak for a mouth.
You have claws for feet.


Message History

There is an open door here.
Found 4 stones.
Found a stone staircase leading down.
A rat and a kobold come into view.
A goblin comes into view. It is wielding a +0 club.
Casting: Summon Small Mammal (safe; 3% risk of failure)
Confirm with . or Enter, or press ? or * to list all spells.
The kobold shouts!
Casting: Summon Small Mammal (safe; 3% risk of failure)
Confirm with . or Enter, or press ? or * to list all spells.
Your bat barely misses the rat.
The rat misses your bat.
Okay, then.
Your bat closely misses the rat.
The kobold barely misses your bat.
The rat bites your bat but does no damage.
Your bat hits the rat but does no damage.
Your bat barely misses the rat.
The kobold completely misses your bat. The rat closely misses your bat.
Your bat hits the rat but does no damage.
Your bat hits the kobold but does no damage.
The kobold hits your bat with a +0 short sword.
The rat bites your bat.
Your bat hits the kobold. The goblin hits you with a +0 club.
Your bat hits the rat. You hit the goblin.
The goblin is moderately wounded.
Your bat hits the rat but does no damage.
Your bat closely misses the kobold.
The kobold hits you with a +0 short sword.
The goblin hits you with a +0 club.
* * * LOW HITPOINT WARNING * * *
Your bat closely misses the rat.
You hit the goblin but do no damage. Your peck misses the goblin.
The goblin is moderately wounded.
Your bat closely misses the rat.
Your bat barely misses the kobold.
The kobold hits you with a +0 short sword.
* * * LOW HITPOINT WARNING * * *
The rat bites your bat but does no damage.
The goblin misses you.
Your bat barely misses the rat.
The kobold attacks as you move away!
The kobold hits you with a +0 short sword.
You die...

#.. #.# ###.####
##+# ####......#
##...# #.........#
#.....##.##.#.#..#
....b..#.##...#..#
....r.Kb.##......#
......g@........>#
.........##......#
.......#........##
#....?######.####
##...# #.# ##+#
#.# #.# #.#
#.##### #.#
#####.#...## #.#


You could see a goblin, a kobold (ally target), a rat (distracted, ally target)
and 2 friendly bats.

Vanquished Creatures
  A hobgoblin (D:1)
  A bat (D:1)
  A frilled lizard (D:1)
3 creatures vanquished.

Notes
Turn   | Place    | Note
-------+----------+-------------------------------------------
     0 | D:1      | lmSkywalker the Tengu Summoner began the quest for the Orb.
     0 | D:1      | Reached XP level 1. HP: 10/10 MP: 4/4
   101 | D:1      | Found a faded altar of an unknown god.
   334 | D:1      | Slain by a kobold

Illustrated notes

Levels and vault maps discovered:
D:1:      ebering_hopf_link, layout_loops_corners,
          ebering_ecumenical_altar_sacrificial, minivault_14, moated_statue

Action                   || total
-------------------------++-------
Melee: Dagger            ||     6
       Kick              ||     3
       Unarmed           ||     1
 Cast: Summon Small Mamm ||     6
Armor: Robe              ||     2
Dodge: Dodged            ||     5
